 Dungeon Crawl Stone Soup version 0.30.1-4-g462c640d31 (webtiles) character file.

Game seed: 14267231702893704449

102 Anriel the Ducker (level 5, -7/60 HPs)
             Began as a Human Gladiator on Aug 18, 2023.
             Killed by divine providence
             ... invoked by an orc priest
              (13 damage)
             ... on level 3 of the Dungeon.
             The game lasted 00:08:11 (1221 turns).

Anriel the Ducker (Human Gladiator)                 Turns: 1221, Time: 00:08:12

Health: -7/60      AC: 22    Str: 14 (16) XL:     5   Next: 6%
Magic:  5/5        EV:  2    Int:  6 (9)  God:
Gold:   86         SH:  0    Dex: 11 (14) Spells: 4/4 levels left

rFire   . . .        a - +0 trident
rCold   . . .        (no shield)
rNeg    . . .        e - melded +2 scale mail {Will+}
rPois   +            c - melded +0 helmet
rElec   .            d - melded +0 cloak
rCorr   .            (gloves currently unavailable)
SInv    .            (boots currently unavailable)
Will    .....        (no amulet)
Stlth   +            (no ring)
HPRegen 0.30/turn    (no ring)
MPRegen 0.09/turn

%: no passive effects
@: tree-form
A: stationary, stasis, torment immunity, boosted hp
a: no special abilities


You were on level 3 of the Dungeon.
You were a tree.
You visited 1 branch of the dungeon, and saw 3 of its levels.

You collected 86 gold pieces.

Inventory:

Hand Weapons
 a - a +0 trident (weapon)
Armour
 b - the +2 ring mail of Elimeq {Str-5 Dex+4}
   (You found it on level 2 of the Dungeon)

   Str:       It affects your strength (-5).
   Dex:       It affects your dexterity (+4).
 c - a +0 helmet (melded)
 d - a +0 cloak (melded)
 e - a +2 scale mail of willpower (melded)
Scrolls
 g - 2 scrolls of amnesia
Potions
 i - a potion of brilliance {unknown}
 k - a potion of magic {unknown}
 l - a potion of lignification


   Skills:
 + Level 2.9 Fighting
 - Level 3.0 Polearms
 + Level 2.9 Throwing
 * Level 2.8 Armour
 - Level 3.0 Dodging


You had 4 spell levels left.
You didn't know any spells.
Your spell library was empty.

Dungeon Overview and Level Annotations

Branches:
Dungeon (3/15)

Altars:
Uskayaw

Annotations:
D:3 Jessica


Message History

The orc priest looks braver for a moment.
The orc hits you but does no damage.
Jessica mumbles something strange.
Jessica hits you but does no damage.
It was a potion of degeneration.
There was something very wrong with that liquid.
You feel weakened.
You feel dopey.
You feel clumsy. Jessica hits you but does no damage.
The orc hits you but does no damage.
It was a potion of curing.
You feel better. Jessica completely misses you.
Jessica hits you but does no damage.
You hit the orc.
The orc is heavily wounded.
Jessica hits you with a +0 dagger.
* * * LOW HITPOINT WARNING * * *
The orc hits you but does no damage.
The orc priest miscasts a cantrip.
Unknown command.
You hit the orc.
You kill the orc!
Jessica hits you but does no damage.
The orc priest looks encouraged for a moment.
Jessica hits you but does no damage.
You barely miss the orc. Jessica hits you but does no damage.
The orc priest miscasts a cantrip.
The orc hits you with a +0 dagger.
* * * LOW HITPOINT WARNING * * *
Jessica hits you but does no damage.
You puncture the orc!
You kill the orc!
Jessica hits you but does no damage. The orc hits you but does no damage.
Reach: a) +0 trident
Press: ? - help, Dir - move target, f - orc priest, p - Jessica
Aim: an orc priest, wielding a +0 whip (black smoke, about 44% to evade your +0 trident)
You reach to attack!
You barely miss the orc priest.
Jessica zaps a wand.
The puff of flame hits you!
* * * LOW HITPOINT WARNING * * *
Jessica hits you but does no damage.
The orc priest invokes the aid of Beogh against you.
Beogh smites you!
You die...

..≈.. .## ♣♣♣ ♣.≈..
.. ....♣.§.# ...
_.♣.≈.##..# ≈
...§.....#
≈.♣♣♣♣♣.≈..##.#####
≈.....§§§..........
≈§≈≈.≈§§≈♣###...#
......§oo@##...#
........##o...##
...........##..# ##
.........#####.#
#...
......##.o.###)#...#
.........o..#†...#
..........<....###
.......".....#.#


You could see an orc priest, Jessica (fast) and 2 orcs.

Vanquished Creatures
  Crazy Yiuf (D:2)
  Terence (D:2)
  An adder (D:2)
  A dart slug (D:2)
  2 orcs (D:3)
  5 endoplasms
  A giant cockroach (D:1)
  8 goblins
  A hobgoblin (D:3)
  A kobold (D:2)
  A quokka (D:1)
  5 ball pythons
  2 bats
  2 frilled lizards (D:1)
  2 rats
34 creatures vanquished.

Notes
Turn   | Place    | Note
-------+----------+-------------------------------------------
     0 | D:1      | Anriel the Human Gladiator began the quest for the Orb.
     0 | D:1      | Reached XP level 1. HP: 16/16 MP: 1/1
   136 | D:1      | Reached XP level 2. HP: 22/22 MP: 2/2
   152 | D:1      | Reached skill level 1 in Armour
   734 | D:2      | Reached XP level 3. HP: 28/28 MP: 3/3
   777 | D:2      | Identified the +2 ring mail of Elimeq {Str-5 Dex+4}
   822 | D:2      | Noticed Terence
   841 | D:2      | Killed Terence
   842 | D:2      | Reached XP level 4. HP: 18/34 MP: 4/4
  1136 | D:2      | Found a runed translucent door.
  1137 | D:2      | Noticed Crazy Yiuf
  1146 | D:2      | Killed Crazy Yiuf
  1177 | D:3      | Noticed Jessica
  1186 | D:3      | Reached XP level 5. HP: 30/40 MP: 5/5
  1213 | D:3      | Found a hide-covered altar of Uskayaw.
  1221 | D:3      | Killed from afar by an orc priest

Illustrated notes

Levels and vault maps discovered:
D:1:      mushboom_english_gardens, layout_loops_ring, minmay_cupped
D:2:      layout_rooms, minmay_misc_feat_secret_circle, uniq_terence,
          uniq_crazy_yiuf_cottage
D:3:      layout_rooms, mainiacjoe_overflow_brackets, yredelemnul_altar_generic,
          nicolae_overflow_crystal_walls, uniq_jessica

Skill      XL: |  1  2  3 |
---------------+----------+-----
Armour         | 1 2 |  2.8
Fighting       | |  2.9
Polearms       | |  3.0
Throwing       | |  2.9
Dodging        | |  3.0

Action                     |  1- 3 |  4- 6 || total
---------------------------+-------+-------++-------
  Melee: Trident           |    66 |    42 ||   108
  Throw: Javelin           |     3 |     1 ||     4
         Throwing net      |     2 |     1 ||     3
    Use: Scroll            |     4 |       ||     4
         Potion            |       |     3 ||     3
   Stab: Held in net/web   |     1 |     1 ||     2
 Armour: Ring mail         |     7 |       ||     7
         Scale mail        |     5 |    17 ||    22
         Skin              |       |    13 ||    13
  Dodge: Dodged            |    23 |    10 ||    33
